 Dungeon Crawl Stone Soup version 0.31.0-7-gf635a9b802 (webtiles) character file.

Game seed: 12699921222888951696

93 Bobbunny the Ruffian (level 4, 0/42 HPs)
             Began as a Troll Enchanter on Jan 24, 2024.
             Splashed by a jelly's acid (2 damage)
             ... on level 4 of the Dungeon.
             The game lasted 00:01:40 (2041 turns).

Bobbunny the Ruffian (Troll Enchanter)              Turns: 2041, Time: 00:01:40

Health: 0/42       AC: -3    Str: 18    XL:     4   Next: 36%
Magic:  4/4        EV:  9    Int: 11    God:
Gold:   106        SH:  0    Dex: 10    Spells: 5/5 levels left

rFire   . .          .
                       - Unarmed
rCold   + . .        (no shield)
rNeg    . . .        b - +0 robe
rPois   +            (helmet restricted)
rElec   .            j - +0 cloak
rCorr   .            (gloves unavailable)
SInv    .            (boots unavailable)
Will    .....        (no amulet)
Stlth   ++           p - ring of protection from cold
HPRegen 1.07/turn    s - ring of poison resistance
MPRegen 0.09/turn

%: no passive effects
@: corroded
A: large, unfitting armour, claws 3, regeneration 1, shaggy fur 1, tough skin 1
a: no special abilities


You were on level 4 of the Dungeon.
You visited 1 branch of the dungeon, and saw 4 of its levels.

You collected 106 gold pieces.

Inventory:

Missiles
 f - 9 poisoned darts (quivered)
Armour
 b - a +0 robe (worn)
 j - a +0 cloak (worn)
Jewellery
 p - a ring of protection from cold (left claw)
 s - a ring of poison resistance (right claw)
Scrolls
 e - 3 scrolls of teleportation {unknown}
 g - a scroll of silence {unknown}
 h - a scroll of enchant weapon {unknown}
 i - a scroll of blinking {unknown}
 k - a scroll of torment {unknown}
 n - 2 scrolls of identify {unknown}
 o - a scroll of poison {unknown}
 r - a scroll of noise {unknown}
Potions
 a - 2 potions of heal wounds {unknown}
 c - 2 potions of invisibility
 d - 3 potions of curing {unknown}
 l - a potion of magic {unknown}
 m - a potion of degeneration {unknown}
 q - a potion of cancellation {unknown}


   Skills:
 + Level 2.2 Fighting
 - Level 0.7 Short Blades
 - Level 1.5 Dodging
 - Level 1.5 Stealth
 + Level 2.7 Unarmed Combat
 - Level 1.2 Spellcasting
 - Level 2.0 Hexes


You had 5 spell levels left.
You didn't know any spells.
Your spell library contained the following spells:

 Spells                   Type           Power      Damage    Failure   Level
 Ensorcelled Hibernation  Hex/Ice        4%         N/A       32%         2
 Confusing Touch          Hex            5%         N/A       38%         3
 Tukima's Dance           Hex            5%         N/A       38%         3
 Static Discharge         Conj/Air       0%         3-3/arc   43%         2
 Dazzling Flash           Conj/Hex       4%         N/A       54%         3
 Stone Arrow              Conj/Erth      0%         3d7       67%         3
 Airstrike                Air            0%         2d(0-16)  97%         4
 Animate Armour           Summ/Erth      0%         N/A       97%         4
 Summon Lightning Spire   Summ/Air       0%         N/A       97%         4
 Lehudib's Crystal Spear  Conj/Erth      0%         10d2      100%        8


Dungeon Overview and Level Annotations

Branches:
Dungeon (4/15)
 Temple: D:4-7

Altars:


Innate Abilities, Weirdness & Mutations

You are too large for most types of armour.
You have claws for hands.
Your natural rate of healing is unusually fast.
You are covered in fur. (AC +1)
You have tough skin. (AC +1)


Message History

A jelly comes into view.
Things that are here:
a +0 short sword; 3 stones; a kobold corpse A jelly is nearby!
A jelly is nearby!
A jelly is nearby!
The jelly quivers.
You see here 2 poisoned darts.
You claw the jelly!
Your claws burn!
The jelly is heavily wounded.
The jelly hits you.
You are splashed with acid!
You scratch the jelly. The acid corrodes you!
Your claws burn!
The jelly is severely wounded.
The jelly hits you.
You are splashed with acid!
You are too injured to fight recklessly!
You are too injured to fight recklessly!
You are too injured to fight recklessly!
You are too injured to fight recklessly!
You are too injured to fight recklessly!
You are too injured to fight recklessly!
You are too injured to fight recklessly!
You are too injured to fight recklessly!
You are too injured to fight recklessly!
You are too injured to fight recklessly!
You are too injured to fight recklessly!
You are too injured to fight recklessly!
You are too injured to fight recklessly!
You are too injured to fight recklessly!
You are too injured to fight recklessly!
You are too injured to fight recklessly!
You are too injured to fight recklessly!
You scratch the jelly. The acid corrodes you!
Your claws burn!
* * * LOW HITPOINT WARNING * * *
The jelly is almost dead.
The jelly hits you.
* * * LOW HITPOINT WARNING * * *
You are splashed with acid!
* * * LOW HITPOINT WARNING * * *
You scratch the jelly but do no damage.
Your claws burn!
You die...

#..# #
#####..####.#
#<..........#
###......#..#
#.####.#..#
#.#..).#..#
#.#..(....#
#.#.......#
#.#..@....#
#.#..J....#
..#.......+
#.......#
#.......#
#.........
#.##+##.##.
#. ..


You could see a jelly.

Vanquished Creatures
  4 adders
  3 ribbon worms (D:3)
  A dart slug (D:3)
  5 ball pythons
  An endoplasm (D:2)
  A giant cockroach (D:1)
  5 goblins
  4 hobgoblins
  3 jackals (D:2)
  7 kobolds
  2 bats
  5 frilled lizards
  6 rats
47 creatures vanquished.

Notes
Turn   | Place    | Note
-------+----------+-------------------------------------------
     0 | D:1      | Bobbunny the Troll Enchanter began the quest for the Orb.
     0 | D:1      | Reached XP level 1. HP: 16/16 MP: 1/1
   139 | D:1      | Reached skill level 1 in Unarmed Combat
   150 | D:1      | Reached XP level 2. HP: 26/26 MP: 2/2
   309 | D:1      | Reached skill level 1 in Fighting
   550 | D:2      | Reached XP level 3. HP: 33/33 MP: 3/3
  1405 | D:3      | Reached XP level 4. HP: 42/42 MP: 4/4
  2040 | D:4      | HP: 2/42 [acid (8)]
  2041 | D:4      | Splashed by a jelly's acid

Illustrated notes

Levels and vault maps discovered:
D:1:      lightli_arrival_chessboard, layout_rooms, serial_park_tiny_2
D:2:      layout_basic, serial_rivers, chequers_serial_rivers_room_b,
          chequers_serial_rivers_room_b, chequers_serial_rivers_micro_d,
          chequers_serial_rivers_room_b, chequers_serial_rivers_small_3,
          chequers_serial_rivers_small_b
D:3:      layout_basic, minmay_misc_feat_nine_boxes
D:4:      layout_basic, nicolae_qazlal_beasts_of_the_sky, uniq_duvessa

Skill      XL: |  1  2  3 |
---------------+----------+-----
Unarmed Combat | 1 2 |  2.7
Fighting       | 1 2 |  2.2
Short Blades   | |  0.7
Dodging        | |  1.5
Stealth        | |  1.5
Spellcasting   | |  1.2
Hexes          | |  2.0

Action                     |  1- 3 |  4- 6 || total
---------------------------+-------+-------++-------
  Melee: Unarmed           |    88 |    32 ||   120
         Dagger            |     2 |       ||     2
         Punch             |     2 |       ||     2
   Stab: Sleeping          |     4 |     1 ||     5
 Armour: Robe              |    48 |    14 ||    62
  Dodge: Dodged            |    27 |    11 ||    38
